 Dungeon Crawl Stone Soup version 0.29.1-15-g9cfb28693d (webtiles) character file.

Game seed: 1985128559473308517

40895 DemonSlayer the Thaumaturge (level 13, 0/96 HPs)
             Began as a Demonspawn Earth Elementalist on Apr 28, 2023.
             Was a High Priest of Dithmenos.
             Drowned by a quicksilver ooze (5 damage)
             ... on level 5 of the Lair of Beasts on Apr 29, 2023.
             The game lasted 00:42:58 (20069 turns).

DemonSlayer the Thaumaturge (DsEE)                 Turns: 20069, Time: 00:42:59

Health: 0/96       AC:  4    Str:  7 (8)  XL:     13   Next: 77%
Magic:  15/37      EV: 17    Int: 18      God:    Dithmenos [*****.]
Gold:   497        SH:  0    Dex: 17 (18) Spells: 21/34 levels left

rFire   . . .      SeeInvis .   f - +9 dagger (spect)
rCold   . . .      Faith    .   o - +0 buckler
rNeg    . . .      Spirit   .   L - +3 troll leather armour {Snorg}
rPois   .          Reflect  +   (helmet restricted)
rElec   .          Harm     .   (no cloak)
rCorr   .          Rampage  .   (no gloves)
Will    .....                   (boots unavailable)
Stlth   ++........              A - amulet of reflection
HPRegen 2.06/turn               g - ring of magical power
MPRegen 0.25/turn               v - +4 ring of slaying

@: confused, ambrosia-drunk, engulfed (cannot breathe), corroded, wreathed by
umbra, studying Short Blades
A: hooves 3, repulsion field 2, ignite blood 1, powered by death 1, horns 1,
deterioration 1
a: Renounce Religion, Shadow Step, Shadow Form


You were on level 5 of the Lair of Beasts.
You worshipped Dithmenos.
Dithmenos was extremely pleased with you.
You visited 3 branches of the dungeon, and saw 16 of its levels.

You collected 1002 gold pieces.
You spent 505 gold pieces at shops.

Inventory:

Hand Weapons
 f - a +9 spectral dagger (weapon)
 r - a +0 demon blade
 J - the +5 trident of Pandemonium {freeze, Int+2 Stlth+}
   (You found it on level 8 of the Dungeon)

   It freezes those it strikes, dealing additional cold damage.
   It can also slow down cold-blooded creatures.
   Int:       It affects your intelligence (+2).
   Stlth:     It makes you more stealthy.
Missiles
 t - a throwing net
 K - 5 curare-tipped darts
Armour
 l - a +0 helmet
 o - a +0 buckler (worn)
 L - a +3 troll leather armour (worn) {Snorg}
Jewellery
 d - a ring of see invisible
 g - a ring of magical power (left hand)
 j - a ring of protection from fire
 m - a ring of protection from cold
 q - a +6 ring of strength
 u - a ring of resist corrosion
 v - a +4 ring of slaying (right hand)
 x - a ring of protection from fire
 A - an amulet of reflection (around neck)
 I - a ring of magical power
Wands
 n - a wand of iceblast (3)
 s - a wand of charming (5)
 E - a wand of flame (40)
Scrolls
 c - 2 scrolls of identify
 h - a scroll of amnesia
 C - 3 scrolls of immolation
 F - 3 scrolls of butterflies
Potions
 a - 3 potions of berserk rage
 b - 2 potions of magic
 e - 9 potions of ambrosia
 i - 5 potions of lignification
 k - 4 potions of brilliance
 p - 5 potions of curing
 z - a potion of mutation


   Skills:
 + Level 7.1 Fighting
 + Level 3.6 Short Blades
 + Level 3.5 Polearms
 + Level 6.5 Armour
 + Level 7.0 Dodging
 + Level 7.1 Stealth
 + Level 7.6 Shields
 + Level 11.2 Spellcasting
 + Level 6.8 Conjurations
 + Level 0.8 Transmutations
 + Level 11.2 Earth Magic
 + Level 0.6 Evocations


You had 21 spell levels left.
You knew the following spells:

 Your Spells              Type           Power      Damage    Failure   Level
a - Sandblast             Erth           100%       2d20      1%          1
b - Passwall              Tmut/Erth      25%        N/A       1%          2
c - Stone Arrow           Conj/Erth      84%        3d12      1%          3
d - Petrify               Tmut/Erth      31%        N/A       10%         4
e - Ignite Poison         Fire/Tmut/Pois 11%        N/A       32%         3

Your spell library contained the following spells:

 Spells                   Type           Power      Damage    Failure   Level
 Beastly Appendage        Tmut           26%        N/A       9%          1
 Conjure Flame            Conj/Fire      22%        6-21      9%          3
 Leda's Liquefaction      Hex/Erth       15%        N/A       12%         4
 Wereblood                Tmut           13%        N/A       13%         2
 Blink                    Tloc           20%        N/A       19%         2
 Sublimation of Blood     Necr           10%        N/A       19%         2
 Iskenderun's Battlesphe  Conj           34%        2d9       21%         5
 Spider Form              Tmut/Pois      11%        N/A       30%         3
 Sticky Flame             Conj/Fire      22%        2d4       30%         4
 Call Canine Familiar     Summ           10%        N/A       36%         3
 Lesser Beckoning         Tloc           10%        N/A       36%         3
 Portal Projectile        Hex/Tloc       20%        N/A       36%         3
 Iron Shot                Conj/Erth      21%        9d5       41%         6
 Irradiate                Conj/Tmut      11%        3d15      56%         5
 Manifold Assault         Tloc           10%        N/A       98%         5
 Spellforged Servitor     Conj/Summ      11%        N/A       100%        7


Dungeon Overview and Level Annotations

Branches:
Dungeon (10/15)            Temple (1/1) D:4            Lair (5/5) D:10
 Shoals (0/4) Lair:2       Spider (0/4) Lair:3        Slime (0/5) Lair:4
    Orc: D:9-12

Altars:
Ashenzari
Cheibriados
Dithmenos
Fedhas
Gozag
Hepliaklqana
Kikubaaqudgha
Makhleb
Nemelex Xobeh
Okawaru
Qazlal
Ru
Sif Muna
Trog
Uskayaw
Vehumet
Wu Jian
Xom
Yredelemnul

Shops:
D:5 (**


Innate Abilities, Weirdness & Mutations

You have hooves in place of feet.
You are surrounded by a moderate repulsion field. (EV +3)
Your demonic aura sometimes causes spilled blood to erupt in flames.
You regenerate a little health from kills.
You have a pair of small horns on your head.
Your body sometimes deteriorates upon taking damage.


Message History

Unknown command.
You puncture the quicksilver ooze! You kick the quicksilver ooze.
You headbutt the quicksilver ooze.
The quicksilver ooze is heavily wounded.
Your +9 spectral dagger closely misses the quicksilver ooze.
You block the quicksilver ooze's attack.
The quicksilver ooze misses you. The jelly closely misses you.
You block the quicksilver ooze's attack.
The quicksilver ooze closely misses you.
Unknown command.
You hit the quicksilver ooze.
The quicksilver ooze is heavily wounded.
Your +9 spectral dagger hits the quicksilver ooze.
The blink frog blinks!
The quicksilver ooze hits your +9 spectral dagger. x2
Your spectral weapon shares its damage with you!
* * * LOW HITPOINT WARNING * * *
The jelly hits you but does no damage.
Unknown command.
You puncture the jelly!
You kill the jelly!
Dithmenos accepts your kill.
The quicksilver ooze quivers.
The quicksilver ooze hits you!
* * * LOW HITPOINT WARNING * * *
Your body deteriorates!
You feel weakened. The quicksilver ooze hits you!
* * * LOW HITPOINT WARNING * * *
You feel your power leaking away. The blink frog barely misses you.
The quicksilver ooze hits you.
* * * LOW HITPOINT WARNING * * *
The quicksilver ooze engulfs you!
The quicksilver ooze completely misses you.
Unknown command.
Unknown command.
Unknown command.
Unknown command.
You are confused.
You feel invigorated.
You die...

### #.### ###### ##.## . ##.#.##
##.##.###.#....
.#####..##.###...............
#.#.....††.§...F@................
.......#†......#JF..............P
.......###.#....§................
..§...## ##......†...........(..
...Y..# #.....................##
........ ##......†..............#
.#.#..... ##....................#
###......##....P...........P.....
.....###.....................P


You could see a quicksilver ooze and 2 blink frogs.

Vanquished Creatures
  Snorg (Lair:3)
  3 hydras
  2 two-headed ogres
  9 death yaks
  10 spriggans (Lair:5)
  A lindwurm (Lair:5)
  8 elephants (Lair:5)
  2 black mambas
  2 torpor snails
  Maggie (Lair:1)
  9 cane toads
  7 komodo dragons
  A rime drake (Lair:5)
  2 trolls
  5 polar bears (Lair:5)
  A queen bee (Lair:1)
  4 hornets
  6 blink frogs (Lair:5)
  A dream sheep (Lair:5)
  A culicivora (Lair:3)
  3 jumping spiders (Lair:3)
  35 yaks
  Sigmund (D:5)
  A basilisk (Lair:1)
  2 redbacks (Lair:3)
  Menkaure (D:5)
  An acid dragon (D:10)
  15 water moccasins
  A sky beast (D:7)
  2 orc warriors (D:7)
  A black bear (D:5)
  3 ice beasts
  2 ogres
  3 boggarts (Lair:5)
  19 wolves
  5 centaurs
  5 kobold brigands
  A phantom (D:5)
  10 bullfrogs
  A gnoll sergeant (D:8)
  A scorpion (D:4)
  A necrophage (D:5)
  4 wights (D:10)
  30 killer bees
  3 howler monkeys
  An electric eel (D:10)
  13 hounds
  5 jellies
  3 gnoll boudas
  7 orc priests
  Jessica (D:2)
  7 orc wizards
  An iguana (D:5)
  19 gnolls
  5 adders
  2 shadow imps (D:7)
  An ufetubus (D:3)
  2 dart slugs
  30 orcs
  6 ball pythons
  11 endoplasms
  7 giant cockroaches
  10 goblins
  7 hobgoblins
  4 jackals (D:3)
  3 quokkas
  5 bats
  4 frilled lizards
  25 kobolds
  4 rats
410 creatures vanquished.

Vanquished Creatures (collateral kills)
  A killer bee (Lair:1)
  3 kobolds (D:8)
4 creatures vanquished.

Vanquished Creatures (others)
  29 fungi
  29 plants
58 creatures vanquished.

Grand Total: 472 creatures vanquished

Notes
Turn   | Place    | Note
-------+----------+-------------------------------------------
     0 | D:1      | DemonSlayer the Demonspawn Earth Elementalist began the
                  | quest for the Orb.
     0 | D:1      | Reached XP level 1. HP: 13/13 MP: 3/3
   130 | D:1      | Gained mutation: You are surrounded by a mild repulsion
                  | field. (EV +2) [demonic ancestry]
   130 | D:1      | Reached XP level 2. HP: 15/19 MP: 1/5
   756 | D:1      | Found a faded altar of an unknown god.
   759 | D:1      | Reached XP level 3. HP: 24/24 MP: 6/6
  1081 | D:1      | Learned a level 2 spell: Passwall
  1085 | D:1      | Learned a level 3 spell: Stone Arrow
  1279 | D:2      | Noticed Jessica
  1291 | D:2      | Killed Jessica
  1292 | D:2      | Reached XP level 4. HP: 31/31 MP: 8/8
  3047 | D:4      | Gained mutation: You have large cloven feet. [demonic
                  | ancestry]
  3047 | D:4      | Reached XP level 5. HP: 36/36 MP: 10/10
  3304 | D:4      | Reached skill level 1 in Armour
  3501 | D:4      | Gained mutation: Your demonic aura sometimes causes spilled
                  | blood to erupt in flames. [demonic ancestry]
  3501 | D:4      | Reached XP level 6. HP: 36/42 MP: 11/11
  3766 | D:4      | Found a staircase to the Ecumenical Temple.
  3873 | Temple   | Entered the Ecumenical Temple
  3873 | Temple   | Noticed a red devil
  3873 | Temple   | Noticed a Hell Sentinel
  3874 | Temple   | Noticed Couse the pandemonium lord
  3874 | Temple   | Noticed a Brimstone Fiend
  3874 | Temple   | Noticed Ycloatim the pandemonium lord
  3874 | Temple   | Noticed a green death
  3903 | Temple   | Noticed Dughuxy the pandemonium lord
  3904 | Temple   | Noticed a tormentor
  3920 | Temple   | Noticed a rust devil
  3921 | Temple   | Noticed Tibet the pandemonium lord
  3931 | Temple   | Noticed an orange demon
  3931 | Temple   | Noticed Viucoca the pandemonium lord
  3951 | Temple   | Noticed an orange demon
  3951 | Temple   | Noticed Vuvveso the pandemonium lord
  3952 | Temple   | Noticed an orange demon
  4497 | D:4      | Learned a level 4 spell: Petrify
  4553 | D:5      | Entered Level 5 of the Dungeon
  4737 | D:5      | Reached skill level 5 in Spellcasting
  4742 | D:5      | Reached XP level 7. HP: 47/47 MP: 11/14
  4954 | D:5      | Reached skill level 5 in Stealth
  4954 | D:5      | Gained mutation: You have hoof-like feet. [demonic
                  | ancestry]
  4954 | D:5      | Reached XP level 8. HP: 61/61 MP: 18/18
  4955 | D:5      | Reached skill level 5 in Fighting
  4955 | D:5      | Reached skill level 5 in Armour
  4955 | D:5      | Reached skill level 5 in Dodging
  4955 | D:5      | Reached skill level 5 in Shields
  4955 | D:5      | Gained mutation: You regenerate a little health from kills.
                  | [demonic ancestry]
  4955 | D:5      | Reached XP level 9. HP: 69/69 MP: 20/20
  5216 | D:5      | Found Fomairug's Antique Weapon Shoppe.
  5365 | D:5      | Noticed Menkaure
  5367 | D:5      | Killed Menkaure
  5418 | D:5      | Noticed Sigmund
  5422 | D:5      | Killed Sigmund
  5520 | D:5      | Reached XP level 10. HP: 76/76 MP: 21/21
  5562 | D:5      | Found Qugol's Assorted Antiques.
  5567 | D:5      | Bought a steel ring for 95 gold pieces
  5567 | D:5      | Bought a white potion for 17 gold pieces
  5567 | D:5      | Bought a dyed leather armour for 95 gold pieces
  5567 | D:5      | Bought a dented cabochon amulet for 95 gold pieces
  5663 | D:5      | Found Human's Assorted Antiques.
  6482 | D:6      | Found a snail-covered altar of Cheibriados.
  6493 | D:6      | Found a stormy altar of Qazlal.
  6579 | D:6      | Found a hide-covered altar of Uskayaw.
  7062 | D:5      | Bought a white potion for 17 gold pieces
  7108 | D:5      | Bought a sapphire potion for 21 gold pieces
  7108 | D:5      | Bought a scroll labelled ISUOHU VUOFATE for 24 gold pieces
  8042 | D:7      | You fall into a shaft and drop 3 floors!
  8042 | D:10     | Entered Level 10 of the Dungeon
  8107 | D:9      | Noticed a two-headed ogre
  8112 | D:9      | Killed a two-headed ogre
  8968 | D:8      | Noticed a two-headed ogre
  8976 | D:8      | Killed a two-headed ogre
  9125 | D:8      | Identified the +5 trident of Pandemonium {freeze, Int+2
                  | Stlth+}
  9190 | D:5      | Bought a dark potion for 21 gold pieces
  9606 | D:8      | Found a burning altar of Makhleb.
  9799 | D:8      | Gained mutation: You have hooves in place of feet. [demonic
                  | ancestry]
  9799 | D:8      | Reached XP level 11. HP: 81/81 MP: 24/24
  9927 | D:9      | Found a shadowy altar of Dithmenos.
  9971 | D:9      | Became a worshipper of Dithmenos the Shadowed
 10117 | D:9      | Found an ancient bone altar of Kikubaaqudgha.
 10680 | D:9      | Learned a level 3 spell: Ignite Poison
 10903 | D:5      | Bought a knobbly moonstone ring for 120 gold pieces
 11132 | D:10     | Reached * piety under Dithmenos
 11133 | D:10     | Reached skill level 1 in Polearms
 11578 | D:10     | Found a broken altar of Ashenzari.
 11727 | D:10     | Reached skill level 1 in Conjurations
 12141 | D:10     | Found a staircase to the Lair.
 12444 | Lair:1   | Entered Level 1 of the Lair of Beasts
 12731 | Lair:1   | Noticed Maggie
 12746 | Lair:1   | Killed Maggie
 13128 | Lair:1   | Reached ** piety under Dithmenos
 13859 | Lair:1   | Reached *** piety under Dithmenos
 14106 | Lair:1   | Reached XP level 12. HP: 88/88 MP: 24/25
 14411 | Lair:1   | Noticed a death yak
 14412 | Lair:1   | Noticed a death yak
 14412 | Lair:1   | Noticed a death yak
 14412 | Lair:1   | Noticed a death yak
 14412 | Lair:1   | Noticed a death yak
 14434 | Lair:1   | Killed a death yak
 14488 | Lair:1   | Reached skill level 10 in Earth Magic
 14612 | Lair:1   | Noticed a death yak
 14826 | Lair:1   | Noticed a seven-headed hydra
 14831 | Lair:1   | Killed a seven-headed hydra
 14832 | Lair:1   | Reached skill level 10 in Spellcasting
 14937 | Lair:1   | Killed a death yak
 14944 | Lair:1   | Killed a death yak
 14951 | Lair:1   | Killed a death yak
 14960 | Lair:1   | Killed a death yak
 14965 | Lair:1   | Killed a death yak
 15387 | Lair:2   | Found a staircase to the Shoals.
 15884 | Lair:3   | Noticed Snorg
 15894 | Lair:3   | Killed Snorg
 15895 | Lair:3   | Reached skill level 5 in Conjurations
 16100 | Lair:3   | Found a hole to the Spider Nest.
 17484 | Lair:4   | Found a staircase to the Slime Pits.
 18374 | Lair:5   | Entered Level 5 of the Lair of Beasts
 18409 | Lair:5   | Noticed a death yak
 18411 | Lair:5   | Noticed a death yak
 18415 | Lair:5   | Noticed a death yak
 18419 | Lair:5   | Noticed a death yak
 18424 | Lair:5   | Killed a death yak
 18425 | Lair:5   | Reached skill level 1 in Short Blades
 18425 | Lair:5   | Gained mutation: You are surrounded by a moderate repulsion
                  | field. (EV +3) [demonic ancestry]
 18425 | Lair:5   | Reached XP level 13. HP: 54/94 MP: 11/27
 18846 | Lair:5   | Reached **** piety under Dithmenos
 19429 | Lair:5   | Gained mutation: Your body sometimes deteriorates upon
                  | taking damage. [potion of mutation]
 19429 | Lair:5   | Gained mutation: You have a pair of small horns on your
                  | head. [potion of mutation]
 19566 | Lair:5   | Reached ***** piety under Dithmenos
 20061 | Lair:5   | Noticed a quicksilver ooze
 20068 | Lair:5   | HP: 2/96 [quicksilver ooze (4)]
 20069 | Lair:5   | Drowned by a quicksilver ooze

Illustrated notes

Levels and vault maps discovered:
D:1:      grunt_arrival_lava_bath, layout_loops_ring,
          dreamdust_ecumenical_altar_hidden_monk_grotto
D:2:      layout_basic, uniq_jessica
D:3:      layout_loops_ring, serial_glass, glass_columns_a, glass_columns_a
D:4:      layout_rooms, minmay_temple_entry_trees, serial_co_window_serial,
          co_window_of_opportunity_a, co_window_of_opportunity_a,
          co_window_paths_a, co_window_corner_a, co_window_corner_a,
          co_window_corner_b, co_window_corner_b, co_window_2corner,
          co_window_broadway_b, glass_columns_b
D:5:      minmay_skewed_foursquare, layout_loops_ring, serial_shops, shop,
          nicolae_shop_hallway_plus, nicolae_lakefront_shop,
          nicolae_fountain_basement, uniq_sigmund, uniq_menkaure
D:6:      layout_gridville, nicolae_overflow_quartered_altars
D:7:      layout_basic, nicolae_tso_swordbearing_angel, st_stairs_9
D:8:      layout_rooms, old_standard_altar, lightli_temple_of_fire,
          minmay_manual_macuahuitl
D:9:      layout_irregular_city, kiku_gazebo_pond_becter,
          mainiacjoe_overflow_concentric_impassable
D:10:     layout_irregular_city, nicolae_ashenzari_skybound, erik_lair_island
Temple:   nicolae_temple_panitentiary
Lair:1:   layout_cave_pods, special_room [special_room_bee], grunt_megastairs_3,
          lemuel_fruit_fields, uniq_maggie
Lair:2:   layout_cave_shapes, elwin_shoals_entry_rocks
Lair:3:   layout_regular_city, nicolae_spider_entry_tight_spaces,
          grunt_forest_small_clearings, lemuel_fruit_fields,
          infiniplex_staircase_pool, serial_bayou_shore_a, serial_bayou_shore_b,
          uniq_snorg
Lair:4:   layout_gridlike, nicolae_slime_entry_slimehenge
Lair:5:   minmay_lair_end_enchanted_forest, layout_gridlike, special_room
          [special_room_jelly]

Skill      XL: |  1  2  3  4  5  6  7  8  9 10 11 12 13 |
---------------+----------------------------------------+-----
Earth Magic    | 3 4 6 7 8 9 10 11 | 11.2
Stealth        | 2 5 6 7 |  7.1
Dodging        | 2 4 5 6 7 |  7.0
Spellcasting   | 3 5 6 7 9 10 11 | 11.2
Armour         | 1 4 5 6 |  6.5
Fighting       | 4 5 6 7 |  7.1
Shields        | 4 5 6 7 |  7.6
Polearms       | 2 3 |  3.5
Conjurations   | 3 5 6 |  6.8
Short Blades   | 1 3 |  3.6
Transmutations | |  0.8
Evocations     | |  0.6

Action                   |  1- 3 |  4- 6 |  7- 9 | 10-12 | 13-15 || total
-------------------------+-------+-------+-------+-------+-------++-------
Melee: Dagger            |    24 |    39 |     2 |    33 |   107 ||   205
       Unarmed           |     6 |       |       |       |       ||     6
       Trident           |       |       |       |   155 |       ||   155
       Kick              |       |       |       |    55 |    48 ||   103
       Headbutt          |       |       |       |       |    12 ||    12
Throw: Throwing net      |       |       |       |     1 |       ||     1
 Cast: Sandblast         |    35 |   105 |    62 |   148 |       ||   350
       Stone Arrow       |       |       |       |   264 |   110 ||   374
Evoke: Wand              |       |       |     2 |     2 |       ||     4
  Use: Scroll            |       |     1 |     8 |    22 |     4 ||    35
       Potion            |       |       |     2 |     7 |    10 ||    19
 Stab: Sleeping          |       |     5 |     1 |    23 |     1 ||    30
Armor: Ring mail         |    25 |    65 |     9 |    89 |       ||   188
       Troll leather arm |       |       |       |    10 |    34 ||    44
Dodge: Dodged            |    23 |    83 |    28 |   323 |   190 ||   647
Block: Buckler           |       |    22 |    14 |   342 |   116 ||   494
       Reflection        |       |       |       |    11 |       ||    11
